PR
LONG ISLAND DUCKS @ FORT KNOX CENTENNIAL
06/30/2041
 
TOP OF THE 1ST
Long Island Ducks batting - Pitching for Fort Knox Centennial : RHP Jack Forrest
Pitching: RHP Jack Forrest
Batting: RHB Kyle Michaud 0-0: Ball
1-0: Called Strike
1-1: Swinging Strike
1-2: Ball
2-2: Ball
3-2: Ground out 5-3 (Groundball, 56, EV 90.0 MPH)
Batting: RHB Abdul Razzad Zaimukhes 0-0: Called Strike
0-1: Called Strike
0-2: Ground out 5-3 (Groundball, 56S, EV 67.5 MPH)
Batting: LHB Bilal Hussain 0-0: Foul Ball, location: 2F
0-1: Ball
1-1: Foul Ball, location: 2F
1-2: Ball
2-2: Strikes out looking
Top of the 1st over - 0 runs, 0 hits, 0 errors, 0 left on base; Long Island 0 - Fort Knox 0
BOTTOM OF THE 1ST
Fort Knox Centennial batting - Pitching for Long Island Ducks : RHP Jalmari Lostedt
Pitching: RHP Jalmari Lostedt
Batting: LHB Niek Breugelmans 0-0: Called Strike
0-1: SINGLE (Line Drive, 9S, EV 101.9 MPH)
Batting: RHB Manny Opio 0-0: Called Strike
0-1: Ball
1-1: Foul Ball, location: 2F
1-2: Strikes out looking
Batting: RHB Yue-rong Duan 0-0: Ball
1-0: Called Strike
1-1: Ball
2-1: Called Strike
2-2: Foul Ball, location: 2F
2-2: Ball
3-2: Base on Balls
Niek Breugelmans to second
Batting: RHB Jordan Hanley 0-0: Called Strike
0-1: 3-RUN HOME RUN (Line Drive, 7LD, EV 108.8 MPH), Distance : 347 ft
Batting: RHB Zee-loo Situ 0-0: Ball
1-0: Foul Ball, location: 2F
1-1: Foul Ball, location: 2F
1-2: Strikes out swinging
Batting: RHB Juan Tilve 0-0: Called Strike
0-1: Foul Ball, location: 2F
0-2: Ball
1-2: Ball
2-2: Strikes out swinging
Bottom of the 1st over - 3 runs, 2 hits, 0 errors, 0 left on base; Long Island 0 - Fort Knox 3
TOP OF THE 2ND
Long Island Ducks batting - Pitching for Fort Knox Centennial : RHP Jack Forrest
Batting: RHB Kenny Wright 0-0: Ball
1-0: Ball
2-0: Called Strike
2-1: Ball
3-1: Called Strike
3-2: Base on Balls
Batting: RHB Alfredo Torres 0-0: Swinging Strike
0-1: Foul Ball, location: 2F
0-2: Strikes out swinging
Batting: RHB Robert Green 0-0: Ball
1-0: Foul Ball, location: 2F
1-1: Foul Ball, location: 2F
1-2: Grounds into double play, 5-4-3 (Groundball, 56, EV 105.6 MPH)
Top of the 2nd over - 0 runs, 0 hits, 0 errors, 0 left on base; Long Island 0 - Fort Knox 3
BOTTOM OF THE 2ND
Fort Knox Centennial batting - Pitching for Long Island Ducks : RHP Jalmari Lostedt
Batting: RHB Marcos Villanueva 0-0: Ball
1-0: Ball
2-0: Fly out, F8 (Flyball, 8LS, EV 82.5 MPH)
Batting: RHB Matsuo Ino 0-0: Ball
1-0: Ball
2-0: SINGLE (Groundball, 6D, EV 99.4 MPH)
Batting: LHB Chin-seok Chong 0-0: Ball
1-0: Called Strike
1-1: Ball
2-1: Fly out, F7 (Flyball, 7LMF, EV 100.6 MPH)
Batting: LHB Niek Breugelmans 0-0: Ball
1-0: Ball
2-0: Swinging Strike
2-1: Ball
3-1: Base on Balls
Matsuo Ino to second
Batting: RHB Manny Opio 0-0: Ball
1-0: SINGLE (Groundball, 56S, EV 67.5 MPH) (infield hit)
Matsuo Ino to third
Niek Breugelmans to second
Batting: RHB Yue-rong Duan 0-0: Ball
1-0: Foul Ball, location: 2F
1-1: Ball
2-1: Swinging Strike
2-2: Strikes out swinging
Bottom of the 2nd over - 0 runs, 2 hits, 0 errors, 3 left on base; Long Island 0 - Fort Knox 3
TOP OF THE 3RD
Long Island Ducks batting - Pitching for Fort Knox Centennial : RHP Jack Forrest
Batting: RHB Rob Fuller 0-0: Called Strike
0-1: Swinging Strike
0-2: Strikes out swinging
Batting: RHB Al Ruíz 0-0: Called Strike
0-1: Ball
1-1: Foul Ball, location: 2F
1-2: Ground out 5-3 (Groundball, 5, EV 80.0 MPH)
Batting: RHB Tom Kelley 0-0: Swinging Strike
0-1: Ball
1-1: Ball
2-1: Foul Ball, location: 2F
2-2: Ground out 6-3 (Groundball, 6, EV 108.8 MPH)
Top of the 3rd over - 0 runs, 0 hits, 0 errors, 0 left on base; Long Island 0 - Fort Knox 3
BOTTOM OF THE 3RD
Fort Knox Centennial batting - Pitching for Long Island Ducks : RHP Jalmari Lostedt
Batting: RHB Jordan Hanley 0-0: Swinging Strike
0-1: Foul Ball, location: 2F
0-2: Ball
1-2: Foul Ball, location: 2F
1-2: Ball
2-2: Foul Ball, location: 2F
2-2: Ground out 5-3 (Groundball, 56S, EV 91.2 MPH)
Batting: RHB Zee-loo Situ 0-0: Ball
1-0: Foul Ball, location: 2F
1-1: Ball
2-1: Ball
3-1: Swinging Strike
3-2: Strikes out swinging, 2-3 out at first.
Batting: RHB Juan Tilve 0-0: SINGLE (Groundball, 56D, EV 106.2 MPH)
Batting: RHB Marcos Villanueva 0-0: Called Strike
0-1: Ball
1-1: Ball
2-1: Ball
3-1: Called Strike
3-2: Foul Ball, location: 2F
3-2: Strikes out swinging
Bottom of the 3rd over - 0 runs, 1 hit, 0 errors, 1 left on base; Long Island 0 - Fort Knox 3
TOP OF THE 4TH
Long Island Ducks batting - Pitching for Fort Knox Centennial : RHP Jack Forrest
Batting: RHB Kyle Michaud 0-0: Ball
1-0: Foul Ball, location: 2F
1-1: Ball
2-1: Ground out 4-3 (Groundball, 4, EV 100.0 MPH)
Batting: RHB Abdul Razzad Zaimukhes 0-0: Ball
1-0: Foul Ball, location: 2F
1-1: Foul Ball, location: 2F
1-2: Fly out, F7 (Flyball, 78S, EV 93.1 MPH)
Batting: LHB Bilal Hussain 0-0: Swinging Strike
0-1: Ground out 6-3 (Groundball, 56, EV 84.4 MPH)
Top of the 4th over - 0 runs, 0 hits, 0 errors, 0 left on base; Long Island 0 - Fort Knox 3
BOTTOM OF THE 4TH
Fort Knox Centennial batting - Pitching for Long Island Ducks : RHP Jalmari Lostedt
Batting: RHB Matsuo Ino 0-0: Ball
1-0: Ball
2-0: SINGLE (Groundball, 56D, EV 104.4 MPH)
Batting: LHB Chin-seok Chong 0-0: Called Strike
0-1: Fly out, F7 (Flyball, 7LS, EV 94.4 MPH)
Batting: LHB Niek Breugelmans 0-0: Ball
Matsuo Ino steals 2nd base
1-0: Foul Ball, location: 2F
1-1: Swinging Strike
1-2: Strikes out swinging
Batting: RHB Manny Opio 0-0: SINGLE (Groundball, 6MD, EV 101.2 MPH)
Matsuo Ino to third
Runner from 3rd tries for Home, SAFE, throw by CF to home
Batting: RHB Yue-rong Duan 0-0: DOUBLE (Line Drive, 9LS, EV 100.6 MPH)
Manny Opio to third
Batting: RHB Jordan Hanley 0-0: Called Strike
0-1: Ball
1-1: Ball
2-1: Swinging Strike
2-2: Ball
3-2: Foul Ball, location: 2F
3-2: Foul Ball, location: 2F
3-2: Foul Ball, location: 2F
3-2: Ground out 5-3 (Groundball, 56, EV 84.4 MPH)
Bottom of the 4th over - 1 run, 3 hits, 0 errors, 2 left on base; Long Island 0 - Fort Knox 4
TOP OF THE 5TH
Long Island Ducks batting - Pitching for Fort Knox Centennial : RHP Jack Forrest
Batting: RHB Kenny Wright 0-0: Ball
1-0: Ball
2-0: Foul Ball, location: 2F
2-1: Foul Ball, location: 2F
2-2: Foul Ball, location: 2F
2-2: Ground out 4-3 (Groundball, 4, EV 80.0 MPH)
Batting: RHB Alfredo Torres 0-0: Ball
1-0: Ball
2-0: Fly out, F1 (Line Drive, P, EV 70.0 MPH)
Batting: RHB Robert Green 0-0: Ball
1-0: SINGLE (Groundball, 15S, EV 70.0 MPH) (infield hit)
Batting: RHB Rob Fuller 0-0: Foul Ball, location: 2F
0-1: Ball
Robert Green steals 2nd base
1-1: Swinging Strike
1-2: Foul Ball, location: 2F
1-2: Foul Ball, location: 2F
1-2: SINGLE (Line Drive, 89S, EV 110.6 MPH)
Robert Green to third
Runner from 3rd tries for Home, SAFE, no throw by RF
Batting: RHB Al Ruíz 0-0: Called Strike
0-1: Ball
1-1: Swinging Strike
1-2: Foul Ball, location: 2F
1-2: Strikes out swinging
Top of the 5th over - 1 run, 2 hits, 0 errors, 1 left on base; Long Island 1 - Fort Knox 4
BOTTOM OF THE 5TH
Fort Knox Centennial batting - Pitching for Long Island Ducks : RHP Jalmari Lostedt
Batting: RHB Zee-loo Situ 0-0: Foul Ball, location: 2F
0-1: Called Strike
0-2: Strikes out swinging
Batting: RHB Juan Tilve 0-0: Called Strike
0-1: SINGLE (Groundball, 34, EV 108.8 MPH) (infield hit)
Batting: RHB Marcos Villanueva 0-0: SINGLE (Line Drive, 8LS, EV 91.9 MPH)
Juan Tilve to second
Batting: RHB Matsuo Ino 0-0: Called Strike
0-1: Grounds into double play, 6-4-3 (Groundball, 6M, EV 98.1 MPH)
Bottom of the 5th over - 0 runs, 2 hits, 0 errors, 1 left on base; Long Island 1 - Fort Knox 4
TOP OF THE 6TH
Long Island Ducks batting - Pitching for Fort Knox Centennial : RHP Jack Forrest
Batting: RHB Tom Kelley 0-0: Foul Ball, location: 2F
0-1: Swinging Strike
0-2: Ball
1-2: Strikes out swinging
Batting: RHB Kyle Michaud 0-0: Ball
1-0: Called Strike
1-1: Ball
2-1: Foul Ball, location: 2F
2-2: SINGLE (Groundball, 6D, EV 99.4 MPH)
Batting: RHB Abdul Razzad Zaimukhes 0-0: Called Strike
Kyle Michaud steals 2nd base
0-1: Foul Ball, location: 2F
0-2: Fly out, F6 (Popup, 6MS, EV 74.4 MPH)
Batting: LHB Bilal Hussain 0-0: Called Strike
0-1: Ball
1-1: Swinging Strike
1-2: Ball
2-2: Fly out, F7 (Flyball, 78S, EV 84.4 MPH)
Top of the 6th over - 0 runs, 1 hit, 0 errors, 1 left on base; Long Island 1 - Fort Knox 4
BOTTOM OF THE 6TH
Fort Knox Centennial batting - Pitching for Long Island Ducks : RHP Jalmari Lostedt
Batting: LHB Chin-seok Chong 0-0: Ground out 4-3 (Groundball, 34, EV 78.1 MPH)
Batting: LHB Niek Breugelmans 0-0: Ball
1-0: Called Strike
1-1: Ball
2-1: Fly out, F7 (Flyball, 7, EV 73.1 MPH)
Batting: RHB Manny Opio 0-0: Called Strike
0-1: Ball
1-1: Swinging Strike
1-2: Ball
2-2: Foul Ball, location: 2F
2-2: Ball
3-2: Reached on error, E6 (Groundball, 6, EV 83.8 MPH)
Pitching: RHP Jerome Henderson
Batting: RHB Yue-rong Duan 0-0: Ball
Manny Opio is caught stealing 2nd base 2-4
Bottom of the 6th over - 0 runs, 0 hits, 1 error, 0 left on base; Long Island 1 - Fort Knox 4
TOP OF THE 7TH
Long Island Ducks batting - Pitching for Fort Knox Centennial : RHP Jack Forrest
Batting: RHB Kenny Wright 0-0: Called Strike
0-1: Ball
1-1: Ball
2-1: Ball
3-1: Foul Ball, location: 2F
3-2: Reached on error, E5 (Groundball, 56, EV 85.0 MPH)
Batting: RHB Alfredo Torres 0-0: Called Strike
0-1: Ball
1-1: Fly out, F3 (Popup, 3SF, EV 76.2 MPH)
Pitching: RHP Skip Walker
Batting: RHB Robert Green 0-0: Foul Ball, location: 2F
0-1: Ball
1-1: Swinging Strike
1-2: Strikes out swinging
Batting: RHB Rob Fuller 0-0: Ball
1-0: Called Strike
1-1: Swinging Strike
1-2: Foul Ball, location: 2F
1-2: Strikes out looking
Top of the 7th over - 0 runs, 0 hits, 1 error, 1 left on base; Long Island 1 - Fort Knox 4
BOTTOM OF THE 7TH
Fort Knox Centennial batting - Pitching for Long Island Ducks : RHP Jerome Henderson
Batting: RHB Yue-rong Duan 0-0: Ball
1-0: Ball
2-0: DOUBLE (Flyball, 89D, EV 102.5 MPH)
Batting: RHB Jordan Hanley 0-0: SINGLE (Groundball, 56S, EV 65.6 MPH) (infield hit)
Yue-rong Duan to third
Batting: RHB Zee-loo Situ 0-0: Ball
1-0: Called Strike
1-1: Foul Ball, location: 2F
1-2: Ball
2-2: Strikes out swinging
Batting: RHB Juan Tilve 0-0: Swinging Strike
0-1: Ball
1-1: Ball
Wild Pitch!
Yue-rong Duan scores
Jordan Hanley to second
2-1: Called Strike
2-2: Foul Ball, location: 2F
2-2: Strikes out swinging
Batting: RHB Marcos Villanueva 0-0: Called Strike
0-1: Ground out 4-3 (Groundball, 4M, EV 85.6 MPH)
Bottom of the 7th over - 1 run, 2 hits, 0 errors, 1 left on base; Long Island 1 - Fort Knox 5
TOP OF THE 8TH
Long Island Ducks batting - Pitching for Fort Knox Centennial : RHP Skip Walker
Batting: RHB Al Ruíz 0-0: Called Strike
0-1: Called Strike
0-2: Foul Ball, location: 2F
0-2: Ball
1-2: Strikes out looking
Batting: RHB Tom Kelley 0-0: Called Strike
0-1: Ball
1-1: Ball
2-1: Foul Ball, location: 2F
2-2: Strikes out swinging
Batting: RHB Kyle Michaud 0-0: Ball
1-0: Ball
2-0: Called Strike
2-1: Foul Ball, location: 2F
2-2: Ball
3-2: Fly out, F9 (Line Drive, 9, EV 89.4 MPH)
Top of the 8th over - 0 runs, 0 hits, 0 errors, 0 left on base; Long Island 1 - Fort Knox 5
BOTTOM OF THE 8TH
Fort Knox Centennial batting - Pitching for Long Island Ducks : RHP Jerome Henderson
Batting: RHB Matsuo Ino 0-0: Ground out 6-3 (Groundball, 6M, EV 85.6 MPH)
Batting: LHB Chin-seok Chong 0-0: Ball
1-0: Ball
2-0: Ball
3-0: Base on Balls
Batting: LHB Niek Breugelmans 0-0: Ball
1-0: Called Strike
1-1: Fly out, F7 (Flyball, 78D, EV 91.2 MPH)
Batting: RHB Manny Opio 0-0: Ball
1-0: Ball
2-0: Called Strike
2-1: Foul Ball, location: 2F
2-2: Ball
3-2: Base on Balls
Chin-seok Chong to second
Batting: RHB Yue-rong Duan 0-0: Ball
1-0: Fly out, F4 (Line Drive, 4, EV 70.0 MPH)
Bottom of the 8th over - 0 runs, 0 hits, 0 errors, 2 left on base; Long Island 1 - Fort Knox 5
TOP OF THE 9TH
Long Island Ducks batting - Pitching for Fort Knox Centennial : RHP Skip Walker
Batting: RHB Abdul Razzad Zaimukhes 0-0: Called Strike
0-1: Foul Ball, location: 2F
0-2: Strikes out swinging
Batting: LHB Bilal Hussain 0-0: Ball
1-0: SOLO HOME RUN (Flyball, 9D, EV 101.9 MPH), Distance : 362 ft
Batting: RHB Kenny Wright 0-0: Called Strike
0-1: Ball
1-1: Ball
2-1: Foul Ball, location: 2F
2-2: SOLO HOME RUN (Flyball, 7D, EV 107.5 MPH), Distance : 375 ft
Batting: RHB Alfredo Torres 0-0: Ball
1-0: Ball
2-0: Fly out, F8 (Flyball, 89M, EV 90.0 MPH)
Batting: RHB Robert Green 0-0: Ball
1-0: Called Strike
1-1: Swinging Strike
1-2: Foul Ball, location: 2F
1-2: Strikes out swinging
Top of the 9th over - 2 runs, 2 hits, 0 errors, 0 left on base; Long Island 3 - Fort Knox 5
Tuesday, January 5th, 2021 - OOTP Baseball 20.8 Build 74